 Dungeon Crawl Stone Soup version 0.20-a0-927-g1ae2c61 (webtiles) character file.

74 theRoog the Chopper (level 4, -14/40 HPs)
             Began as a Minotaur Berserker on Mar 28, 2017.
             Was a Believer of Trog.
             Killed from afar by Ijyb (17 damage)
             ... with a wand of acid (?/15)
             ... on level 3 of the Dungeon.
             The game lasted 00:02:25 (1392 turns).

theRoog the Chopper (Minotaur Berserker)            Turns: 1392, Time: 00:02:25

Health: -14/40     AC:  1    Str: 23    XL:     4   Next: 9%
Magic:  3/3        EV: 11    Int:  4    God:    Trog [**....]
Gold:   110        SH:  0    Dex:  9    Spells: 3/3 levels left

rFire    . . .     SeeInvis .   k - +2 falchion (holy)
rCold    . . .     Gourm    .   (no shield)
rNeg     . . .     Faith    .   f - +0 ring mail
rPois    .         Spirit   .   (helmet restricted)
rElec    .         Reflect  .   (no cloak)
rCorr    .         Harm     .   (no gloves)
MR       .....                  (no boots)
Stlth    ..........             (no amulet)
Regen    0.2/turn               (no ring)
MPRegen  0.1/turn               (no ring)

@: corroded
A: retaliatory headbutt, horns 2
a: Berserk, Trog's Hand, Burn Spellbooks, Renounce Religion


You were on level 3 of the Dungeon.
You worshipped Trog.
Trog was pleased with you.
You were not hungry.

You visited 1 branch of the dungeon, and saw 3 of its levels.

You collected 110 gold pieces.

Inventory:

Hand Weapons
 a - a +0 hand axe
 k - a +2 falchion of holy wrath (weapon)
Armour
 b - a +0 animal skin
 f - a +0 ring mail (worn)
Wands
 i - a wand of disintegration (12/24)
Scrolls
 d - a scroll of blinking {unknown}
 e - 3 scrolls of identify {unknown}
 h - a scroll of fog {unknown}
 l - a scroll of remove curse {unknown}
Potions
 c - a potion of agility {unknown}
 g - a potion of curing {unknown}
Comestibles
 j - a meat ration


   Skills:
 + Level 4.2 Fighting
 + Level 4.7 Axes
 + Level 3.2 Armour
 + Level 2.5 Dodging
 + Level 0.3 Stealth


You had 3 spell levels left.
You didn't know any spells.

Dungeon Overview and Level Annotations

Branches:
Dungeon (3/15)

Altars:

Annotations:
D:3 Ijyb


Innate Abilities, Weirdness & Mutations

You reflexively headbutt those who attack you in melee.
You have a pair of horns on your head.


Message History

You kill the orc!
Trog accepts your kill.
Ijyb zaps a wand.
The bolt of acid misses you.
It is a wand of acid (?/15).
Unknown command.
A bat comes into view.
Ijyb zaps a wand.
The bolt of acid hits you!
You are splashed with acid!
The acid burns!
Items here: ))) †† a flail; a club; a whip; an orc corpse x2
Unknown command.
Ijyb zaps a wand.
The bolt of acid misses you.
Unknown command.
You barely miss Ijyb. Ijyb hits you but does no damage.
You hit Ijyb but do no damage. Your headbutt misses Ijyb.
Ijyb zaps a wand.
The bolt of acid hits you! The acid corrodes you!
You are splashed with acid!
The acid burns!
* * * LOW HITPOINT WARNING * * *
You are too injured to fight recklessly!
You barely miss Ijyb.
Ijyb zaps a wand.
The bolt of acid hits you!
You die...

########.
#........ #.#
#######)######
#......@.....♣
#.#####g###♣♣♣
.b# #..# #...
#... ....
#...#


You could see Ijyb and a bat.

Vanquished Creatures
  3 adders (D:2)
  3 oozes
  4 orcs (D:3)
  2 giant cockroaches
  4 goblins
  4 hobgoblins
  A quokka (D:2)
  A ball python (D:2)
  4 bats
  A frilled lizard (D:2)
  6 rats
33 creatures vanquished.

Notes
Turn   | Place    | Note
-------+----------+-------------------------------------------
     0 | D:1      | theRoog the Minotaur Berserker began the quest for the Orb.
     0 | D:1      | Reached XP level 1. HP: 19/19 MP: 0/0
   280 | D:1      | Reached XP level 2. HP: 20/27 MP: 1/1
   813 | D:2      | Reached XP level 3. HP: 33/33 MP: 2/2
  1068 | D:2      | Reached ** piety under Trog
  1384 | D:3      | Noticed Ijyb
  1386 | D:3      | Reached XP level 4. HP: 35/40 MP: 3/3
  1391 | D:3      | HP: 2/40 [acid (14)]
  1392 | D:3      | Killed from afar by Ijyb

Vault maps used:
D:1:      onia_arrival_handbag
D:3:      gammafunk_temple_overflow_pools, nicolae_overflow_hidden_temple,
          minmay_misc_feat_nine_boxes, serial_bayou_crossing, uniq_iyjb,
          uniq_robin

Skill      XL: |  1  2  3 |
---------------+----------+-----
Axes           | 4 |  4.7
Fighting       | 4 |  4.2
Armour         | 3 |  3.2
Dodging        | |  2.5
Stealth        | |  0.3

Action                   |  1- 3 |  4- 6 || total
-------------------------+-------+-------++-------
Melee: Hand axe          |    71 |       ||    71
       Headbutt          |    12 |       ||    12
       Falchion          |     8 |     4 ||    12
  Eat: Bread ration      |     1 |       ||     1
Armor: Animal skin       |     6 |       ||     6
       Ring mail         |    26 |     1 ||    27
Dodge: Dodged            |    44 |     2 ||    46
       Rpst.: Falchion   |     3 |       ||     3
